[Event "Titled Tuesday Blitz February 07 Late 2023"]
[White "Fiorito, Francisco"]
[Black "Golubev, Mikhail"]
[WhiteFideId "180165"]
[BlackFideId "14100983"]
[WhiteElo "2305"]
[BlackElo "2461"]
[Result "1-0"]
[Round "11"]
[TimeControl "180+2"]
[Date "2023.02.07"]
[WhiteClock "0:00:17"]
[BlackClock "0:00:07"]

1. d4 Nf6 2. Nc3 d5 3. Bf4 c5 4. e3 cxd4 5. exd4 a6 6. Nf3 Nc6 7. Be2 Bf5 8. h3 g6 9. O-O Bg7 10. Na4 Ne4 11. c3 O-O 12. Nd2 Nxd2 13. Qxd2 b6 14. Rfe1 Re8 15. Bf1 Rc8 16. Bxa6 Ra8 17. Bb7 Rxa4 18. Bxc6 Ra7 19. Bxe8 Qxe8 20. Be5 f6 21. Bg3 Rd7 22. Re2 e6 23. Rae1 g5 24. Bh2 h5 25. b3 h4 26. c4 dxc4 27. bxc4 Qc8 28. Qc3 Kf7 29. a4 Qc6 30. Rb2 Bf8 31. Rb5 Be7 32. Kh1 Rd8 33. f3 Rc8 34. Qe3 Qxc4 35. Rxf5 Bb4 36. Rb5 Bxe1 37. Qxe1 Qxa4 38. Rxb6 Qa2 39. Bg1 Rc2 40. Rb7+ Kg6 41. Qe4+ f5 42. Qe5 1-0


[Site "https://www.chess.com"]

[Event "Titled Tuesday Blitz February 07 Late 2023"]
[White "Yedidia, Daniel"]
[Black "Matko, Ognjen"]
[WhiteFideId "30905907"]
[BlackFideId "14509717"]
[WhiteElo "2041"]
[BlackElo "2295"]
[Result "1-0"]
[Round "11"]
[TimeControl "180+2"]
[Date "2023.02.07"]
[WhiteClock "0:01:34"]
[BlackClock "0:00:03"]

1. d4 d5 2. c4 c6 3. Nf3 Nf6 4. Nc3 a6 5. e3 Bf5 6. Bd3 Bxd3 7. Qxd3 e6 8. Ne5 Nbd7 9. f4 Nxe5 10. fxe5 dxc4 11. Qxc4 Nd5 12. e4 Nxc3 13. bxc3 Qh4+ 14. Kd1 Qxe4 15. Qe2 Qg6 16. h4 h5 17. Bg5 Be7 18. Qc2 Qxc2+ 19. Kxc2 f6 20. exf6 gxf6 21. Bf4 Rg8 22. g3 Kd7 23. Rab1 b5 24. Kd3 Bd6 25. Ke4 Rg4 26. Kf3 Rag8 27. Bxd6 Kxd6 28. Rhg1 Kd5 29. Rbe1 e5 30. dxe5 fxe5 31. Re3 e4+ 32. Kg2 Rxh4 33. Rd1+ Ke5 34. Rd7 Rhg4 35. Re7+ Kd5 36. Kh3 a5 37. Rh7 R8g5 38. Rh6 a4 39. a3 Kc5 40. Re6 Kd5 41. Rh6 c5 42. Rb6 Kc4 43. Ra6 Kb3 44. Rb6 c4 45. Kg2 Kxa3 46. Kf2 Kb3 47. Ke2 Rxg3 48. Rxe4 Rg2+ 49. Ke3 R5g3+ 50. Kd4 Rg4 51. Rxb5+ Kc2 52. Rxh5 Rxe4+ 53. Kxe4 a3 54. Kd4 a2 55. Ra5 Kb2 56. Kxc4 a1=Q 57. Rxa1 Kxa1 58. Kb5 Kb2 59. c4 Kb3 60. c5 Rg5 61. Kb6 Kc4 62. c6 Rg6 63. Kb7 1-0


[Site "https://www.chess.com"]

[Event "Titled Tuesday Blitz February 07 Late 2023"]
[White "Dudzinski, Pawel"]
[Black "Kavutskiy, Konstantin"]
[WhiteFideId "1117890"]
[BlackFideId "2026384"]
[WhiteElo "2186"]
[BlackElo "2414"]
[Result "1-0"]
[Round "11"]
[TimeControl "180+2"]
[Date "2023.02.07"]
[WhiteClock "0:00:08"]
[BlackClock "0:00:15"]

1. e4 c5 2. c4 Nc6 3. Nc3 e6 4. g3 g6 5. Bg2 Bg7 6. Nge2 Nge7 7. Rb1 d6 8. a3 O-O 9. b4 b6 10. d3 Bb7 11. O-O Qd7 12. Be3 Nd4 13. Qd2 Nec6 14. b5 Na5 15. Bxd4 cxd4 16. Na2 d5 17. exd5 exd5 18. c5 Qf5 19. c6 Bc8 20. Nb4 Rd8 21. Rfe1 h5 22. Qf4 Kh7 23. Qxf5 Bxf5 24. Nf4 Bh6 25. Nfxd5 Bd2 26. Re7 Kg7 27. Be4 Be6 28. Nc7 Kf6 29. Nxe6 fxe6 30. Rh7 Rf8 31. Kg2 Rf7 32. Rxf7+ Kxf7 33. f4 g5 34. fxg5 Bxg5 35. Rf1+ Kg7 36. Rb1 Be3 37. c7 Rc8 38. Na6 Kf6 39. Rf1+ Ke7 40. Rf3 Nb3 41. g4 hxg4 42. Rg3 Nc5 43. Rxg4 Nxa6 44. Rg7+ Kf6 45. Rg6+ Ke5 46. bxa6 Rxc7 47. Rg8 Rc2+ 48. Kh3 Rc3 49. Ra8 Rxa3 50. Rxa7 b5 51. Rf7 b4 52. a7 b3 53. a8=Q Rxa8 54. Bxa8 b2 55. Rb7 Bc1 56. Rb3 Kf4 57. Be4 Kg5 58. Kg3 Bf4+ 59. Kg2 Bc1 60. Kf3 Kh4 61. Bc6 Kh3 62. Bd7 Kxh2 63. Bxe6 Kg1 64. Ke2 Kg2 65. Rb5 Kg3 66. Ba2 Kf4 67. Bb1 Kg4 68. Kd1 Kf4 69. Kc2 Ke3 70. Rxb2 Bxb2 71. Kxb2 Kd2 72. Kb3 Kc1 73. Kc4 1-0


[Site "https://www.chess.com"]

[Event "Titled Tuesday Blitz February 07 Late 2023"]
[White "Fernandez Garcia, Gumersindo"]
[Black "Filgueira, Hernan"]
[WhiteFideId "24516740"]
[BlackFideId "101770"]
[WhiteElo "2160"]
[BlackElo "2283"]
[Result "0-1"]
[Round "11"]
[TimeControl "180+2"]
[Date "2023.02.07"]
[WhiteClock "0:00:10"]
[BlackClock "0:00:13"]

1. e4 e6 2. d4 d5 3. Bd3 a6 4. Ne2 dxe4 5. Bxe4 Nf6 6. Bf3 c5 7. O-O Nbd7 8. dxc5 Bxc5 9. a3 O-O 10. b4 Be7 11. Bb2 Rb8 12. Nd2 b6 13. Nd4 Bb7 14. Nc6 Bxc6 15. Bxc6 Qc7 16. Bf3 Ne5 17. Re1 Bd6 18. g3 Rfd8 19. Qe2 Nxf3+ 20. Nxf3 b5 21. Rac1 Rbc8 22. Red1 Nd5 23. Rd3 Qc4 24. Ng5 h6 25. Nxe6 Re8 26. Qh5 fxe6 27. Rd4 Qc7 28. Rg4 Bf8 29. Qxh6 Nc3 30. Qe3 e5 31. Re1 Nd5 32. Qg5 Qe7 33. Qd2 Qf7 34. Bxe5 Nb6 35. Qg5 Nc4 36. f4 Nxe5 37. fxe5 Rxc2 38. Qe3 Qa2 39. e6 Rg2+ 40. Kf1 Rxh2 41. Rh4 Qg2# 0-1


[Site "https://www.chess.com"]

[Event "Titled Tuesday Blitz February 07 Late 2023"]
[White "Sztokbant, Bernardo Vainzoff"]
[Black "Mikhalsky, Vladimir"]
[WhiteFideId "2115956"]
[BlackFideId "14144352"]
[WhiteElo "2213"]
[BlackElo "2219"]
[Result "0-1"]
[Round "11"]
[TimeControl "180+2"]
[Date "2023.02.07"]
[WhiteClock "0:00:03"]
[BlackClock "0:00:12"]

1. d4 Nf6 2. c4 g6 3. Nf3 Bg7 4. g3 O-O 5. Bg2 d6 6. O-O Nbd7 7. Nc3 e5 8. dxe5 dxe5 9. Qc2 c6 10. Rd1 Qe7 11. Nd2 Nc5 12. Nde4 Bf5 13. Bg5 h6 14. Bxf6 Bxf6 15. Qd2 Bg7 16. Qd6 Qxd6 17. Nxd6 Bc8 18. Rd2 f5 19. Rad1 e4 20. Rc1 a5 21. Nd1 h5 22. Ne3 Be6 23. f4 Ra6 24. Rcd1 Rb6 25. b3 Ra8 26. Nc2 Bc3 27. Nd4 Bxd2 28. Rxd2 Bf7 29. Nc2 Rd8 30. Nxe4 Rxd2 31. Nxd2 Ra6 32. Nf3 Ne4 33. Ne5 a4 34. Bxe4 fxe4 35. b4 b5 36. c5 Bxa2 37. Na3 Bf7 38. Kf2 Be8 39. Ke3 Ra7 40. Kxe4 Re7 41. Kd4 Kg7 42. e4 Kf6 43. h3 g5 44. h4 gxf4 45. gxf4 Rc7 46. Nc2 Rc8 47. Kc3 Rd8 48. Nf3 Rd1 49. e5+ Ke7 50. f5 Rf1 51. Nfd4 Rf4 52. f6+ Kf7 53. Ne3 Rxh4 54. Ndf5 Rh3 55. Nd6+ Kf8 56. Kd2 Bg6 57. e6 a3 58. e7+ Kg8 59. e8=Q+ Bxe8 60. Nxe8 Rxe3 61. Kxe3 a2 62. Kf4 a1=Q 63. Nd6 Qxf6+ 64. Ke4 Qe6+ 65. Kf4 Qd5 66. Nf5 Kf8 67. Ne3 Qd4+ 68. Kf3 Qxb4 0-1


[Site "https://www.chess.com"]

[Event "Titled Tuesday Blitz February 07 Late 2023"]
[White "Petrovic, Aleksa"]
[Black "ArchibaldCerveza29"]
[WhiteFideId "967629"]
[WhiteElo "2332"]
[BlackElo "2520"]
[Result "1-0"]
[Round "11"]
[TimeControl "180+2"]
[Date "2023.02.07"]
[WhiteClock "0:00:09"]
[BlackClock "0:00:07"]

1. d4 d5 2. c4 e6 3. Nf3 Nf6 4. Nc3 c6 5. Bg5 Nbd7 6. cxd5 exd5 7. e3 h6 8. Bh4 Be7 9. Bd3 O-O 10. Qc2 Re8 11. O-O Nf8 12. Rae1 Ne6 13. Ne5 Ng5 14. f4 Nge4 15. Nxe4 Nxe4 16. Bxe4 dxe4 17. Bxe7 Rxe7 18. f5 Re8 19. f6 gxf6 20. Qf2 Be6 21. Qxf6 Qxf6 22. Rxf6 Kg7 23. Ref1 Bxa2 24. R6f4 Bd5 25. Nxf7 Rf8 26. Nd6 b6 27. Nxe4 Rxf4 28. Rxf4 Re8 29. Nd6 Re6 30. Nf5+ Kg6 31. g4 a5 32. Kf2 a4 33. Ng3 b5 34. e4 Bc4 35. h4 b4 36. h5+ Kg5 37. Kf3 a3 38. Rf5+ Kh4 39. bxa3 bxa3 40. Ra5 a2 41. Nf5+ Kh3 42. Kf4 Kg2 43. g5 hxg5+ 44. Kxg5 Kf3 45. h6 Kxe4 46. h7 Kd3 47. h8=Q Re1 48. Qh3+ Kc2 49. Rxa2+ Bxa2 50. Qg2+ Kb1 51. Qxc6 Bb3 52. Qb6 Kb2 53. d5 Rd1 54. d6 Rd3 55. Nd4 Rc3 56. Qxb3+ Rxb3 57. Nxb3 Kxb3 58. d7 Kc4 59. d8=R Kb3 60. Kf4 Kb2 61. Ke3 Ka1 62. Rb8 Ka2 63. Kd3 Ka1 64. Kc2 Ka2 65. Ra8# 1-0


[Site "https://www.chess.com"]

[Event "Titled Tuesday Blitz February 07 Late 2023"]
[White "Reprintsev, Alexander"]
[Black "Schuster, Karsten"]
[WhiteFideId "14100541"]
[BlackFideId "4611071"]
[WhiteElo "2253"]
[BlackElo "2309"]
[Result "1-0"]
[Round "11"]
[TimeControl "180+2"]
[Date "2023.02.07"]
[WhiteClock "0:01:08"]
[BlackClock "0:00:44"]

1. e4 c6 2. Nc3 d5 3. Nf3 Bg4 4. h3 Bxf3 5. Qxf3 Nf6 6. e5 Nfd7 7. Qg3 e6 8. f4 g6 9. h4 h5 10. b3 c5 11. Bb2 Nc6 12. O-O-O Nd4 13. Bd3 Rg8 14. f5 exf5 15. Nxd5 Bg7 16. Bxd4 cxd4 17. e6 Ne5 18. exf7+ Kxf7 19. Nf4 Nxd3+ 20. Nxd3 Qb8 21. Qf3 Re8 22. Qd5+ Kf8 23. Rde1 Qc7 24. Re6 Rxe6 25. Qxe6 Qf7 26. Qd6+ Kg8 27. Re1 Re8 28. Rxe8+ Qxe8 29. a4 Kh7 30. Kb2 Qe2 31. Qd5 Qxd2 32. Qxb7 Qc3+ 33. Kb1 a5 34. Qf7 Qd2 35. g3 Qe3 36. Nf4 Qxg3 37. Ne6 Qe5 38. Ng5+ Kh6 39. Qg8 d3 40. Nf7# 1-0


[Site "https://www.chess.com"]

[Event "Titled Tuesday Blitz February 07 Late 2023"]
[White "Gurevich, Ilya"]
[Black "Rottenwohrer Suarez, Juan"]
[WhiteFideId "2000628"]
[BlackFideId "32068182"]
[WhiteElo "2586"]
[BlackElo "2265"]
[Result "1/2-1/2"]
[Round "11"]
[TimeControl "180+2"]
[Date "2023.02.07"]
[WhiteClock "0:00:42"]
[BlackClock "0:00:20"]

1. d4 Nf6 2. c4 g6 3. Nc3 Bg7 4. e4 d6 5. f4 O-O 6. Nf3 c5 7. d5 e6 8. Be2 exd5 9. cxd5 Re8 10. Nd2 b5 11. Bxb5 Nxe4 12. Ncxe4 Rxe4+ 13. Nxe4 Qa5+ 14. Nc3 Bxc3+ 15. bxc3 Qxb5 16. Qe2 Qxe2+ 17. Kxe2 Ba6+ 18. Kf3 Nd7 19. Rd1 Nb6 20. f5 Bc4 21. Bf4 Rd8 22. Rd2 gxf5 23. Kg3 Nxd5 24. Rad1 Nxc3 25. Rxd6 Ne4+ 26. Kf3 Nxd6 27. Rxd6 Rxd6 28. Bxd6 Bxa2 29. Bxc5 a5 30. Ke3 Kg7 31. Kd2 Kf6 32. g3 Ke5 33. Be3 Ke4 34. h4 a4 35. Bf4 Kd4 36. Kc2 Kc4 37. Kb2 Bb3 38. Ka1 Bd1 39. Bh6 Kd4 40. Bf4 Ke4 41. Bb8 Kf3 42. Bf4 Kg4 43. Bb8 h6 44. Bf4 Be2 45. Bb8 Bc4 46. Bf4 Bb3 47. Bb8 Be6 48. Bf4 Bd7 49. Bb8 Kf3 50. Bf4 h5 51. Bb8 Ke4 52. Bf4 Kd3 53. Bd6 Kc4 54. Bf4 Kd5 55. Bh6 Kc6 56. Bf4 Kb5 57. Bh6 Ka5 58. Bf4 Kb4 59. Bh6 Ka3 60. Bf4 Kb3 61. Bh6 Kc2 62. Bf4 Kd1 63. Bb8 Ke1 64. Bf4 Kf1 65. Bd6 Kg1 66. Bf4 Kh2 67. Bb8 Kh3 68. Bf4 Kg4 69. Bb8 1/2-1/2


[Site "https://www.chess.com"]

[Event "Titled Tuesday Blitz February 07 Late 2023"]
[White "Bjelobrk, Igor"]
[Black "Ruiz Aguilar, Pablo Alexander"]
[WhiteFideId "4300726"]
[BlackFideId "4401352"]
[WhiteElo "2403"]
[BlackElo "2161"]
[Result "1-0"]
[Round "11"]
[TimeControl "180+2"]
[Date "2023.02.07"]
[WhiteClock "0:00:35"]
[BlackClock "0:00:01"]

1. d4 d5 2. c4 c6 3. cxd5 cxd5 4. Nf3 Nc6 5. Nc3 Nf6 6. Bf4 a6 7. Rc1 Bf5 8. e3 e6 9. Qb3 Ra7 10. Ne5 Nxe5 11. Bxe5 Bd6 12. Bxd6 Qxd6 13. Qa4+ Qd7 14. Bb5 axb5 15. Qxa7 O-O 16. O-O Ne4 17. Nxe4 Bxe4 18. Qb6 e5 19. f3 Bd3 20. Rfd1 e4 21. f4 Qg4 22. Rd2 Rc8 23. Rc5 g5 24. h3 Qf5 25. Rf2 g4 26. hxg4 Qxg4 27. Rxc8+ Qxc8 28. Qf6 Qc1+ 29. Kh2 Qxe3 30. Qd8+ Kg7 31. Qg5+ Kf8 32. Qg3 Qxg3+ 33. Kxg3 e3 34. Rf3 e2 35. Re3 f5 36. Kf2 Be4 37. Rxe2 Ke7 38. Re3 Kd6 39. Rh3 b4 40. Rxh7 Kc6 41. g3 b3 42. a3 b6 43. Ke3 Kb5 44. Rc7 Ka6 45. Kd2 1-0


[Site "https://www.chess.com"]

[Event "Titled Tuesday Blitz February 07 Late 2023"]
[White "Pinheiro, Iung Alicio de O."]
[Black "CheckBits"]
[WhiteFideId "2104350"]
[WhiteElo "2306"]
[BlackElo "2403"]
[Result "0-1"]
[Round "11"]
[TimeControl "180+2"]
[Date "2023.02.07"]
[WhiteClock "0:00:01"]
[BlackClock "0:00:11"]

1. e4 e5 2. Bc4 Nf6 3. d3 Bc5 4. Nc3 Nc6 5. f4 d6 6. Nf3 Bg4 7. h3 Bxf3 8. Qxf3 Nd4 9. Qg3 Nh5 10. Qg4 g6 11. fxe5 Nxc2+ 12. Kd1 Nxa1 13. Rf1 O-O 14. Bh6 Ng7 15. Nd5 b5 16. Nf6+ Kh8 17. Qh4 Nh5 18. Bg5 bxc4 19. Nxh5 Qe8 20. Bf6+ Kg8 21. Qg5 Qa4+ 22. Ke2 Qc2+ 23. Kf3 Qxd3+ 24. Kg4 Qxf1 25. Qh6 Qd1+ 26. Kg3 Qe1+ 27. Kg4 Qe2+ 28. Kg3 Qe3+ 0-1


[Site "https://www.chess.com"]

[Event "Titled Tuesday Blitz February 07 Late 2023"]
[White "Przybylski, Wojciech"]
[Black "Figorito, Nick"]
[WhiteFideId "1117599"]
[BlackFideId "30923689"]
[WhiteElo "2321"]
[BlackElo "2036"]
[Result "1-0"]
[Round "11"]
[TimeControl "180+2"]
[Date "2023.02.07"]
[WhiteClock "0:00:16"]
[BlackClock "0:00:35"]

1. e4 e6 2. d4 d5 3. Nc3 Bb4 4. a3 Bxc3+ 5. bxc3 dxe4 6. Qg4 Nf6 7. Qxg7 Rg8 8. Qh6 Rg6 9. Qh4 c5 10. Ne2 cxd4 11. cxd4 Nc6 12. c3 Qa5 13. Bd2 Qh5 14. Qxh5 Nxh5 15. Ng3 Nf6 16. h4 Bd7 17. Bg5 Nd5 18. Nxe4 f6 19. Bd2 O-O-O 20. h5 Rgg8 21. c4 Nb6 22. Nxf6 Nxd4 23. O-O-O Ba4 24. Nxg8 Bxd1 25. Kxd1 Nb3 26. Kc2 Nxd2 27. Nf6 Nxf1 28. Rxf1 h6 29. Kc3 Rf8 30. Ne4 Kc7 31. f3 Nd7 32. Kd4 Nf6 33. Nxf6 Rxf6 34. g4 Rf4+ 35. Ke5 Rxc4 36. Kxe6 Rc3 37. Kf7 Rxa3 38. Kg7 Ra6 39. g5 hxg5 40. h6 Ra4 41. h7 Rh4 42. h8=Q Rxh8 43. Kxh8 a5 44. Kg7 a4 45. Kg6 b5 46. Ra1 Kd6 47. Kxg5 Kc5 48. f4 Kd6 49. f5 Ke7 50. f6+ Kf7 51. Kf5 Kf8 52. Ke6 Ke8 53. f7+ Kf8 54. Kf6 b4 55. Re1 b3 56. Re8# 1-0


[Site "https://www.chess.com"]

[Event "Titled Tuesday Blitz February 07 Late 2023"]
[White "Seletsky, Grigory"]
[Black "Melikhov, Evgeny V."]
[WhiteFideId "14112191"]
[BlackFideId "4122046"]
[WhiteElo "2259"]
[BlackElo "2269"]
[Result "1-0"]
[Round "11"]
[TimeControl "180+2"]
[Date "2023.02.07"]
[WhiteClock "0:01:10"]
[BlackClock "0:00:23"]

1. e4 e5 2. Nf3 Nc6 3. Bc4 Nf6 4. d3 Be7 5. Nc3 d6 6. h3 O-O 7. O-O Be6 8. Bb3 Nd4 9. Nxd4 exd4 10. Ne2 Bxb3 11. axb3 c5 12. f4 a5 13. g4 b6 14. Ng3 Nd7 15. g5 g6 16. h4 f5 17. exf5 gxf5 18. Qf3 Qe8 19. Bd2 Qf7 20. h5 Kh8 21. Rfe1 Rfe8 22. Re2 Bf8 23. Rae1 Rxe2 24. Rxe2 Rc8 25. Qb7 Re8 26. Rxe8 Qxe8 27. Kf2 Qe6 28. Qc8 Kg7 29. c4 Kf7 30. Qc6 Be7 31. Qh1 Ke8 32. Qh3 Kf7 33. Qxf5+ Qxf5 34. Nxf5 Ke6 35. Nxe7 Kxe7 36. Kf3 Kf7 37. Ke4 Nf8 38. f5 h6 39. g6+ Kg7 40. Kd5 Nd7 41. Ke6 Nf6 42. Bxh6+ 1-0


[Site "https://www.chess.com"]

[Event "Titled Tuesday Blitz February 07 Late 2023"]
[White "Zochowski, Kacper"]
[Black "Miszler, Levente"]
[WhiteFideId "1125494"]
[BlackFideId "763276"]
[WhiteElo "2262"]
[BlackElo "2271"]
[Result "1-0"]
[Round "11"]
[TimeControl "180+2"]
[Date "2023.02.07"]
[WhiteClock "0:00:54"]
[BlackClock "0:01:42"]

1. Nf3 Nf6 2. c4 c5 3. b3 g6 4. Bb2 Bg7 5. g3 O-O 6. Bg2 Nc6 7. O-O b6 8. Nc3 Bb7 9. e3 e6 10. d4 d5 11. Qc2 Nb4 12. Qd2 dxc4 13. bxc4 Ne4 14. Nxe4 Bxe4 15. a3 Nc6 16. Rfd1 Rc8 17. d5 exd5 18. Bxg7 Kxg7 19. cxd5 Na5 20. Rac1 Qf6 21. Qc3 Rfd8 22. Ng5 Bxg2 23. Kxg2 Qxc3 24. Rxc3 c4 25. a4 Rc5 26. e4 h6 27. Nf3 f5 28. Nd4 Kf6 29. Ne6 Rd6 30. Nxc5 bxc5 31. f3 fxe4 32. fxe4 Ke5 33. Kf3 Nb3 34. Rxc4 Nd4+ 35. Kg2 Kxe4 36. Rxc5 Ne6 37. dxe6 Rxd1 38. e7 1-0


[Site "https://www.chess.com"]

[Event "Titled Tuesday Blitz February 07 Late 2023"]
[White "Kalajzic, Ivan"]
[Black "Papayan, Oleg"]
[WhiteFideId "14506378"]
[BlackFideId "4193911"]
[WhiteElo "2062"]
[BlackElo "2253"]
[Result "1-0"]
[Round "11"]
[TimeControl "180+2"]
[Date "2023.02.07"]
[WhiteClock "0:01:15"]
[BlackClock "0:00:15"]

1. c4 e5 2. Nc3 Nf6 3. e4 Nc6 4. d3 Bc5 5. Be3 d6 6. Be2 O-O 7. Nf3 Ng4 8. Qd2 Be6 9. h3 Nxe3 10. fxe3 Ne7 11. d4 Bb6 12. Na4 Ng6 13. Nxb6 axb6 14. O-O f6 15. Qe1 Ra5 16. Nh4 Nxh4 17. Qxh4 Qe8 18. Rfc1 Qf7 19. Bg4 Bxc4 20. d5 f5 21. Bxf5 Bxd5 22. Bxh7+ Kh8 23. Bg6+ Kg8 24. Qh7# 1-0


[Site "https://www.chess.com"]

[Event "Titled Tuesday Blitz February 07 Late 2023"]
[White "Kovalevsky, Stanislav"]
[Black "Marczuk, Dominik"]
[WhiteFideId "13508598"]
[BlackFideId "1111264"]
[WhiteElo "2237"]
[BlackElo "2253"]
[Result "1-0"]
[Round "11"]
[TimeControl "180+2"]
[Date "2023.02.07"]
[WhiteClock "0:01:05"]
[BlackClock "0:01:36"]

1. c4 f5 2. Nc3 Nf6 3. g3 g6 4. Bg2 Bg7 5. e3 O-O 6. Nge2 d6 7. O-O Nc6 8. a3 a5 9. Rb1 e5 10. b4 axb4 11. axb4 Nh5 12. f4 e4 13. d3 Be6 14. dxe4 Bxc4 15. exf5 gxf5 16. Bd5+ Bxd5 17. Qxd5+ Kh8 18. b5 Na5 19. e4 fxe4 20. Qxh5 Nc4 21. Nxe4 Qe7 22. N2c3 c6 23. f5 Bd4+ 24. Kg2 d5 25. Bg5 Qf7 26. Qxf7 Rxf7 27. bxc6 bxc6 28. Ne2 Ra2 29. Rb8+ Kg7 30. f6+ Kg6 31. Rg8+ Kh5 32. g4+ Kxg4 33. Rf4+ Kh5 34. Rh4# 1-0


[Site "https://www.chess.com"]

[Event "Titled Tuesday Blitz February 07 Late 2023"]
[White "Mazurkiewicz, Michal"]
[Black "Jenkins, Drake"]
[WhiteFideId "1124943"]
[BlackFideId "2022397"]
[WhiteElo "2145"]
[BlackElo "2130"]
[Result "1-0"]
[Round "11"]
[TimeControl "180+2"]
[Date "2023.02.07"]
[WhiteClock "0:00:16"]
[BlackClock "0:00:01"]

1. e4 c5 2. Nf3 g6 3. g3 Bg7 4. Bg2 Nc6 5. O-O Nf6 6. d3 O-O 7. Re1 d6 8. e5 Ng4 9. exd6 exd6 10. Nc3 Nge5 11. Nd5 Bg4 12. c3 h6 13. Ne3 Nxf3+ 14. Bxf3 Bxf3 15. Qxf3 Rb8 16. Nd5 Ne5 17. Qe2 h5 18. f4 Ng4 19. Qf3 Re8 20. Bd2 Qd7 21. Kg2 Nf6 22. Nxf6+ Bxf6 23. Qd5 Qc6 24. Qxc6 bxc6 25. b3 Re6 26. h3 Rbe8 27. g4 Rxe1 28. Rxe1 Rxe1 29. Bxe1 hxg4 30. hxg4 Kf8 31. c4 Ke7 32. Kf3 Ke6 33. Bf2 a6 34. Ke4 d5+ 35. Kf3 Be7 36. Ke2 f5 37. g5 Bd6 38. Be3 Kd7 39. Kd1 Kc7 40. Kc2 Kd7 41. Kb2 Kc7 42. Ka3 Kb7 43. Ka4 Be7 44. a3 Bd6 45. Ka5 Bc7+ 46. Ka4 Bd6 47. b4 cxb4 48. axb4 dxc4 49. dxc4 Bc7 50. Bd2 Kc8 51. Kb3 Kd7 52. Kc3 Bb6 53. c5 Bc7 54. Kc4 Ke6 55. Be3 Bb8 56. Kd3 Bc7 57. Kc4 Bb8 58. Bd2 Bc7 59. Kd3 Kd5 60. Ke3 Bb8 61. Bc3 Ba7 62. Be5 a5 63. bxa5 Bxc5+ 64. Kd3 Ba7 65. Bc7 1-0


[Site "https://www.chess.com"]

[Event "Titled Tuesday Blitz February 07 Late 2023"]
[White "Buchenau, Frank"]
[Black "Harish, Neeraj"]
[WhiteFideId "4604350"]
[BlackFideId "30958130"]
[WhiteElo "2222"]
[BlackElo "2232"]
[Result "1-0"]
[Round "11"]
[TimeControl "180+2"]
[Date "2023.02.07"]
[WhiteClock "0:01:06"]
[BlackClock "0:00:56"]

1. e4 c5 2. Nf3 Nc6 3. Bb5 g6 4. Bxc6 dxc6 5. d3 Bg7 6. O-O Nf6 7. a4 a5 8. Na3 Nd7 9. Nc4 e5 10. Nd6+ Ke7 11. Nxc8+ Rxc8 12. c3 Re8 13. d4 cxd4 14. cxd4 exd4 15. Bg5+ f6 16. Qxd4 Kf7 17. Qc4+ Kf8 18. Bf4 Ne5 19. Bxe5 fxe5 20. Rad1 Qe7 21. Rd3 Bf6 22. Rfd1 Rcd8 23. g3 Kg7 24. Kg2 Rxd3 25. Qxd3 Rd8 26. Qxd8 Qxd8 27. Rxd8 Bxd8 28. Nxe5 Bf6 29. Nd3 Bd4 30. f4 c5 31. b3 Kf6 32. Kf3 Ke6 33. g4 h6 34. h4 b6 35. f5+ gxf5 36. exf5+ Kf6 37. Kf4 Bc3 38. g5+ hxg5+ 39. hxg5+ Kg7 40. f6+ Kf8 41. Kf5 Bd4 42. g6 b5 43. axb5 c4 44. bxc4 a4 45. Nf4 Bc5 46. Ne6+ Kg8 47. f7+ Kh8 48. g7+ Kh7 49. g8=Q+ Kh6 50. Qg6# 1-0


[Site "https://www.chess.com"]

[Event "Titled Tuesday Blitz February 07 Late 2023"]
[White "Curtis, John"]
[Black "Sarkar, Justin"]
[WhiteFideId "3200256"]
[BlackFideId "2010011"]
[WhiteElo "2292"]
[BlackElo "2309"]
[Result "0-1"]
[Round "11"]
[TimeControl "180+2"]
[Date "2023.02.07"]
[WhiteClock "0:00:28"]
[BlackClock "0:00:04"]

1. e4 e5 2. Nf3 Nc6 3. Bb5 a6 4. Bxc6 dxc6 5. O-O Bg4 6. d3 f6 7. Be3 c5 8. Nbd2 Qd7 9. a3 Bd6 10. Qb1 a5 11. Rc1 Ne7 12. a4 Nc6 13. Ne1 Nd4 14. Bxd4 cxd4 15. Nc4 Be7 16. c3 dxc3 17. bxc3 b6 18. Ne3 Be6 19. Rd1 O-O 20. N1c2 Qe8 21. d4 Qg6 22. f3 Bd6 23. d5 Bd7 24. g4 h5 25. h3 Qg5 26. Kg2 hxg4 27. hxg4 Kf7 28. Rh1 Bc5 29. Qc1 Rh8 30. Qd2 Qf4 31. Qe2 Rxh1 32. Rxh1 Bxa4 33. Nf5 Bxc2 34. Qxc2 a4 35. Rh7 a3 36. Rxg7+ Kf8 37. Kf1 a2 38. Rh7 a1=Q+ 39. Ke2 Ra2 40. Rh8+ Kf7 41. Rh7+ Kg8 42. Rg7+ Kf8 43. Qxa2 Qxa2+ 44. Kd3 Qxf3+ 45. Ne3 Qxe3# 0-1


[Site "https://www.chess.com"]

[Event "Titled Tuesday Blitz February 07 Late 2023"]
[White "Womacka, Mathias"]
[Black "Smith, Garrett L"]
[WhiteFideId "4611390"]
[BlackFideId "2024829"]
[WhiteElo "2396"]
[BlackElo "2047"]
[Result "1-0"]
[Round "11"]
[TimeControl "180+2"]
[Date "2023.02.07"]
[WhiteClock "0:00:25"]
[BlackClock "0:00:34"]

1. e4 c5 2. Nf3 Nc6 3. d4 cxd4 4. Nxd4 e5 5. Nb5 d6 6. c4 Be7 7. N1c3 a6 8. Na3 f5 9. exf5 Bxf5 10. Bd3 Be6 11. O-O Nf6 12. Nc2 O-O 13. Ne3 Rc8 14. Ned5 Nd4 15. b3 b5 16. Bb2 bxc4 17. Bxc4 Kh8 18. Nxe7 Bxc4 19. Nxc8 Bxf1 20. Qxf1 Qxc8 21. Rc1 Qf5 22. Ne2 Nxe2+ 23. Qxe2 a5 24. h3 h6 25. Qc2 Nd5 26. Qxf5 Rxf5 27. Rd1 Nb4 28. a3 Nc2 29. Rxd6 Rf7 30. Rd2 Nd4 31. Bxd4 exd4 32. Rxd4 Rb7 33. b4 axb4 34. axb4 Kh7 35. f4 Kg6 36. g4 h5 37. Kf2 hxg4 38. hxg4 Kf6 39. Ke3 g5 40. fxg5+ Kxg5 41. Kd3 Rf7 42. b5 Rf1 43. Kc4 Rc1+ 44. Kd5 Rb1 45. Kc5 1-0


[Site "https://www.chess.com"]

[Event "Titled Tuesday Blitz February 07 Late 2023"]
[White "Rian, Kapriaga"]
[Black "Sonnenschein, Philipp"]
[WhiteFideId "7103263"]
[BlackFideId "16250877"]
[WhiteElo "2089"]
[BlackElo "2224"]
[Result "1-0"]
[Round "11"]
[TimeControl "180+2"]
[Date "2023.02.07"]
[WhiteClock "0:00:04"]
[BlackClock "0:00:02"]

1. d4 Nf6 2. Nf3 d5 3. Bf4 c5 4. e3 Nc6 5. Nbd2 cxd4 6. exd4 Bf5 7. Be2 e6 8. O-O Bd6 9. Bxd6 Qxd6 10. c3 O-O 11. Nh4 h6 12. Nxf5 exf5 13. Bd3 g6 14. Re1 Rfe8 15. Qb3 b6 16. Bb5 Ne4 17. Nf3 Re6 18. Bxc6 Qxc6 19. Ne5 Qd6 20. Qa4 Re7 21. Qc6 Qxc6 22. Nxc6 Rd7 23. f3 Nf6 24. Re5 a5 25. b4 axb4 26. cxb4 Ra3 27. Re2 Kg7 28. Rc1 Rc7 29. Rcc2 Nd7 30. b5 Nf8 31. Ne7 Rxc2 32. Rxc2 Ra5 33. Rb2 Ne6 34. Nxd5 Nxd4 35. Nxb6 Rxb5 36. Rxb5 Nxb5 37. a4 Nc7 38. a5 Kf6 39. Na4 Na6 40. Kf2 Ke5 41. Ke3 Kd5 42. Kd3 Nb4+ 43. Kc3 Na6 44. Kd3 Nb4+ 45. Kc3 Na6 46. Nb6+ Kc6 47. Nc4 Kd5 48. Nb6+ Kc6 49. Kc4 h5 50. Nd5 Nb8 51. Nb4+ Kb7 52. Kb5 g5 53. a6+ Ka8 54. Kb6 g4 55. Nc6 Nd7+ 56. Kc7 Nc5 57. a7 Nd3 58. Kb6 Ne1 59. Nb4 gxf3 60. Nd5 f2 61. Nc7# 1-0


[Site "https://www.chess.com"]

[Event "Titled Tuesday Blitz February 07 Late 2023"]
[White "Fathy, Elameir"]
[Black "Mesa Cruz, Juan Carlos"]
[WhiteFideId "10600396"]
[BlackFideId "6423400"]
[WhiteElo "2300"]
[BlackElo "2122"]
[Result "1-0"]
[Round "11"]
[TimeControl "180+2"]
[Date "2023.02.07"]
[WhiteClock "0:00:13"]
[BlackClock "0:00:09"]

1. d4 Nf6 2. c4 e6 3. Nf3 Bb4+ 4. Bd2 Qe7 5. e3 O-O 6. Bd3 b6 7. O-O Bb7 8. a3 Bxd2 9. Nbxd2 d5 10. b4 Nbd7 11. Qc2 Rac8 12. Rab1 e5 13. dxe5 Nxe5 14. Nxe5 Qxe5 15. Nf3 Qh5 16. c5 Rfe8 17. c6 Ba8 18. b5 Rcd8 19. a4 Ne4 20. Rbd1 Nc5 21. Be2 a6 22. Nd4 Qg6 23. Qxg6 hxg6 24. Ra1 Ne6 25. Rfd1 Nc5 26. Rd2 Re4 27. Rb2 Rde8 28. Bf3 R4e5 29. Nb3 Ne6 30. h3 g5 31. Rd2 axb5 32. axb5 d4 33. Nxd4 Nxd4 34. Rxd4 Rxb5 35. Rd7 Rc8 36. Rad1 Kh7 37. Rd8 Rxd8 38. Rxd8 Ra5 39. Rd7 Ra7 40. Rxf7 b5 41. Rf8 Ra6 42. Be4+ g6 43. Rf7+ Kh6 44. Rxc7 b4 45. Rc8 b3 46. c7 Bxe4 47. Rh8+ Kg7 48. c8=Q Ra1+ 49. Kh2 Ra8 50. Qxa8 Bxa8 51. Rxa8 b2 52. Rb8 Kh6 53. Rxb2 Kh5 54. Kg3 Kh6 55. Rb8 Kh5 56. Rh8# 1-0


[Site "https://www.chess.com"]